AoeStats
← 小白

Arena

506346309Analyzed
4v4 RM · 20d ago on Sep 13, 2026· 31m 37s· 8 players
Game mode
Random Map
Map size
Large (8 player)
Population
200
Speed
Normal
Resources
Standard
Victory
Conquest
Starting age
Dark Age
Ending age
Imperial Age
RankedLock teamsTeams togetherTeam positionsShared explorationLock speedFull tech treeHidden civsTurbo modeCheats
Victory
Defeat
🇹🇼 Cumans · Taiwan
1943
+5
🇹🇼 Wei · Taiwan
1882
+6
🇹🇼 Italians · Taiwan
1764
+9
🇹🇼 Persians · Taiwan
1628
+14
🇺🇸 Persians · United States
1685
-11
🇫🇷 Inca · France
1649
-9
🇩🇪 Wei · Germany
1642
-9
🇨🇳 Gurjaras · China
1505
-5
MrWrong
11:48 Feudal Age
12:25 Double-Bit Axe
15:19 Castle Age
13:44 Horse Collar
16:05 Bow Saw
15:56 Heavy Plow
16:34 Wheelbarrow
16:17 Heavy Plow
21:20 Bloodlines
22:38 Scale Barding Armor
24:18 Chain Barding Armor
26:12 Husbandry
28:08 Forging
DoubleZX
10:01 Feudal Age
13:59 Castle Age
12:03 Horse Collar
12:28 Double-Bit Axe
15:38 Bow Saw
18:33 Wheelbarrow
17:45 Loom
18:51 Gold Mining
20:28 Town Watch
20:54 Heavy Plow
23:38 Fortified Wall
26:48 Imperial Age
JiKa
8:49 Loom
11:01 Feudal Age
15:22 Castle Age
13:34 Double-Bit Axe
28:42 Horse Collar
29:16 Bow Saw
香辣鸡翅
10:02 Feudal Age
14:08 Castle Age
12:00 Double-Bit Axe
13:12 Horse Collar
20:45 Bow Saw
21:08 Bow Saw
22:17 Wheelbarrow
23:14 Gold Mining
28:02 Imperial Age
25:35 Loom
26:05 Hand Cart
26:23 Scale Barding Armor
26:28 Forging
26:51 Fortified Wall
27:53 Bloodlines
28:12 Bloodlines
28:02 Husbandry
28:28 Chain Barding Armor
28:19 Forging
28:09 Heavy Camel Rider
28:47 Stone Mining
散步小鵝
8:45 Feudal Age
7:57 Loom
29:16 Wheelbarrow
小蜜蜂
10:51 Feudal Age
14:51 Castle Age
14:06 Double-Bit Axe
14:06 Horse Collar
16:13 Bow Saw
18:06 Fletching
18:12 Gold Mining
19:54 Wheelbarrow
19:37 Fletching
21:32 Heavy Plow
23:26 Bodkin Arrow
25:59 Ballistics
25:59 Stone Mining
26:57 Padded Archer Armor
30:25 Imperial Age
27:59 Loom
28:44 Leather Archer Armor
31:08 Bracer
32:09 Chemistry
老天鵝
9:27 Feudal Age
10:12 Double-Bit Axe
10:08 Horse Collar
16:17 Wheelbarrow
19:49 Castle Age
18:27 Gold Mining
19:15 Scale Barding Armor
20:18 Bloodlines
21:03 Forging
25:05 Loom
28:15 Chain Barding Armor
28:23 Chain Barding Armor
29:23 Hand Cart
31:08 Bow Saw
33:51 Imperial Age
小白
8:43 Feudal Age
9:11 Double-Bit Axe
9:07 Horse Collar
13:09 Wheelbarrow
17:05 Castle Age
15:11 Gold Mining
21:14 Imperial Age
19:17 Bow Saw
20:20 Gold Shaft Mining
20:37 Heavy Plow
20:45 Stone Mining
22:47 Hand Cart
22:17 Loom
Connection lost

Rejoining the realm…

Still unreachable

The connection could not be restored.

Session expired

The server has moved on; the page needs a fresh start.